 Dungeon Crawl Stone Soup version 0.27-a0-1232-gc6a4cbde82 (webtiles) character file.

Game seed: 6616031571188237736

125 patchburns1 the Skirmisher (level 4, -1/41 HPs)
             Began as a Minotaur Fighter on June 8, 2021.
             Killed from afar by Sigmund (8 damage)
             ... with a puff of flame
             ... on level 3 of the Dungeon.
             The game lasted 00:06:55 (2397 turns).

patchburns1 the Skirmisher (Minotaur Fighter)       Turns: 2397, Time: 00:06:55

Health: -1/41      AC:  8    Str: 20    XL:     4   Next: 82%
Magic:  3/3        EV:  7    Int:  6    God:
Gold:   162        SH:  9    Dex: 10    Spells: 3/3 levels left

rFire    . . .     SeeInvis .   a - +0 long sword
rCold    . . .     Faith    .   c - +0 kite shield
rNeg     . . .     Spirit   .   b - +0 scale mail
rPois    .         Reflect  .   (helmet restricted)
rElec    .         Harm     .   (no cloak)
rCorr    .         Rampage  .   (no gloves)
Will     .....                  s - +0 pair of boots
Stlth    ..........             (no amulet)
HPRegen  0.13/turn              (no ring)
MPRegen  0.08/turn              (no ring)

@: no status effects
A: horns 2, retaliatory headbutt
a: no special abilities


You were on level 3 of the Dungeon.
You visited 1 branch of the dungeon, and saw 3 of its levels.

You collected 162 gold pieces.

Inventory:

Hand Weapons
 a - a +0 long sword (weapon)
 h - a +0 short sword of speed
 n - a +5 short sword
 t - a +0 dagger of draining
 u - a +0 hunting sling
Missiles
 f - 108 stones (quivered)
 p - 26 sling bullets
Armour
 b - a +0 scale mail (worn)
 c - a +0 kite shield (worn)
 k - a +2 robe of fire resistance
 s - a +0 pair of boots (worn)
 v - a +2 pair of gloves
Jewellery
 r - a +4 ring of protection
Scrolls
 e - a scroll of amnesia {unknown}
 j - 3 scrolls of magic mapping {unknown}
 l - a scroll of teleportation {unknown}
 m - a scroll of identify {unknown}
 q - a scroll of fear {unknown}
Potions
 d - a potion of might
 g - a potion of heal wounds {unknown}
 i - a potion of magic {unknown}
 o - 2 potions of curing {unknown}


   Skills:
 * Level 4.3 Fighting
 * Level 3.4 Long Blades
 + Level 4.1 Armour
 + Level 1.0 Dodging
 + Level 0.9 Stealth
 + Level 4.1 Shields
 + Level 1.1 Invocations
 + Level 1.2 Evocations


You had 3 spell levels left.
You didn't know any spells.
Your spell library was empty.

Dungeon Overview and Level Annotations

Branches:
Dungeon (3/15)

Altars:
Ru

Annotations:
D:3 Sigmund


Innate Abilities, Weirdness & Mutations

You have a pair of horns on your head.
You reflexively headbutt those who attack you in melee.


Message History

You kill the bat!
The frilled lizard bites you.
You barely miss the frilled lizard.
The frilled lizard bites you but does no damage.
Sigmund hits you from afar with a +0 scythe!
The frilled lizard barely misses you.
You riposte.
You hit the frilled lizard.
You kill the frilled lizard!
You barely miss the goblin.
Sigmund hits you from afar with a +0 scythe!
You block the goblin's attack. You block Sigmund's attack.
You block the goblin's attack.
Sigmund gestures wildly while chanting.
Sigmund flickers and vanishes!
Deactivating autopickup; reactivate with Ctrl-A.
Things that are here:
a +0 club; a +0 leather armour; an orc corpse The goblin hits you but does no damage.
Found a pair of embroidered gloves.
The goblin hits you with a +0 dagger. You block the goblin's attack.
Something hits you.
You closely miss the goblin. You headbutt the goblin.
You kill the goblin!
You hear some strange, mumbled words.
You are confused.
A puff of flame appears from out of thin air!
The puff of flame hits you!
* * * LOW HITPOINT WARNING * * *
You bump into the rock wall.
A magic dart appears from out of thin air!
The magic dart hits you but does no damage.
You see here a +2 pair of gloves.
v - a +2 pair of gloves You bump into the rock wall.
You feel less confused. Something hits you.
* * * LOW HITPOINT WARNING * * *
You hear some strange, mumbled words.
A puff of flame appears from out of thin air!
The puff of flame hits you!
You die...

. .#.#...#...###
#..#..#.#.....###
.....#....##..###
#..#...#.#†....# .
......##.#>....#..
..........)....... .
#....##.....#... ...
#.....).......##
.....#.@.{..>......#
#...###........#
##### ##########


There were no monsters in sight!

Vanquished Creatures
  Robin (D:3)
  2 adders
  2 worms (D:2)
  4 dart slugs
  An orc (D:3)
  5 bats
  7 endoplasms
  3 giant cockroaches (D:1)
  19 goblins
  4 hobgoblins
  6 jackals
  2 quokkas
  5 ball pythons
  5 frilled lizards
  4 kobolds
  8 rats
78 creatures vanquished.

Vanquished Creatures (others)
  A hobgoblin (D:3)
1 creature vanquished.

Grand Total: 79 creatures vanquished

Notes
Turn   | Place    | Note
-------+----------+-------------------------------------------
     0 | D:1      | patchburns1 the Minotaur Fighter began the quest for the
                  | Orb.
     0 | D:1      | Reached XP level 1. HP: 19/19 MP: 0/0
   169 | D:1      | Reached XP level 2. HP: 27/27 MP: 1/1
   393 | D:1      | Reached XP level 3. HP: 24/33 MP: 2/2
  1314 | D:2      | Reached skill level 1 in Evocations
  1321 | D:2      | Reached XP level 4. HP: 33/40 MP: 3/3
  1769 | D:2      | Found a sacrificial altar of Ru.
  2087 | D:3      | Noticed Robin
  2092 | D:3      | Reached skill level 1 in Dodging
  2092 | D:3      | Reached skill level 1 in Invocations
  2304 | D:3      | Killed Robin
  2376 | D:3      | Noticed Sigmund
  2397 | D:3      | Killed from afar by Sigmund

Illustrated notes

Levels and vault maps discovered:
D:1:      dpeg_arrival_renting, layout_basic, st_stairs_14
D:2:      layout_loops_ring, basic_altar, corexii_leaking_fountain,
          minmay_vboxes
D:3:      layout_rooms, lemuel_coloured_pillars_altar, uniq_grinder, uniq_robin,
          uniq_terence, uniq_natasha, uniq_sigmund

Skill      XL: |  1  2  3  4 |
---------------+-------------+-----
Fighting       | 4 |  4.3
Long Blades    | 3 |  3.4
Armour         | 4 |  4.1
Evocations     | 1 |  1.2
Shields        | 4 |  4.1
Dodging        | 1 |  1.0
Invocations    | 1 |  1.1
Stealth        | |  0.9

Action                   |  1- 3 |  4- 6 || total
-------------------------+-------+-------++-------
Melee: Long sword        |    67 |    36 ||   103
       Headbutt          |    14 |    13 ||    27
       Short sword       |    41 |    27 ||    68
Throw: Stone             |       |     2 ||     2
Armor: Scale mail        |    58 |    22 ||    80
Dodge: Dodged            |    27 |    18 ||    45
Block: Kite shield       |    62 |    41 ||   103
       Rpst.: Long sword |     4 |     4 ||     8

Table legend: (Time is in decaauts)
 A = Elapsed time spent in this place.
 B = Non-inter-level travel time spent in this place.
 C = Inter-level travel time spent in this place.
 D = Time resting spent in this place.
 E = Time spent auto-exploring this place.
 F = Levels seen in this place.
 G = Mean time per level.
                   A        B        C        D        E       F      G
               +--------+--------+--------+--------+--------+-----+--------+
         Total |   2439 |   2382 |     57 |    185 |   1729 |   3 |  813.0 |
       Dungeon |   2439 |   2382 |     57 |    185 |   1729 |   3 |  813.0 |
               +--------+--------+--------+--------+--------+-----+--------+

Top non-repeatable levels by time:
     D:2: 1447 daAuts
     D:1: 866 daAuts
     D:3: 125 daAuts
